 Dungeon Crawl Stone Soup version 0.18-a0-884-gb6cfd45 (webtiles) character file.

104 Duffy the Conjurer (level 4, -5/24 HPs)
             Began as a Deep Elf Conjurer on Dec 22, 2015.
             Was a Follower of Ashenzari.
             Killed by nerve-wracking pain
             ... invoked by a shadow imp
              (14 damage)
             ... on level 5 of the Dungeon.
             The game lasted 00:01:55 (1384 turns).

Duffy the Conjurer (Deep Elf Conjurer)              Turns: 1384, Time: 00:01:55

Health: -5/24      AC:  3    Str:  5    XL:     4   Next: 52%
Magic:  1/13       EV: 13    Int: 21    God:    Ashenzari [*.....]
Gold:   102        SH:  0    Dex: 15    Spells: 1 memorised, 12 levels left

rFire  . . .     SeeInvis .     (no weapon)
rCold  . . .     Gourm    .     a - +0 robe
rNeg   . . .     Faith    .     (no shield)
rPois  .         Spirit   .     (no helmet)
rElec  .         Dismiss  .     (no cloak)
rCorr  .         Reflect  .     i - +0 pair of gloves
SustAt .         Harm     .     (no boots)
MR     .....                    (no amulet)
Stlth  ++........               (no ring)
                                (no ring)

@: not resistant to hostile enchantments, unstealthy
A: no striking features
a: Scrying, Renounce Religion


You were on level 5 of the Dungeon.
You worshipped Ashenzari.
Ashenzari was aware of your devotion.
You were not hungry.

You visited 1 branch of the dungeon, and saw 5 of its levels.

You collected 102 gold pieces.


   Skills:
 - Level 2.4 Dodging
 - Level 2.4 Stealth
 + Level 5.1 Spellcasting
 + Level 5.5 Conjurations


You had 12 spell levels left.
You knew the following spells:

 Your Spells              Type           Power        Failure   Level  Hunger
a - Magic Dart            Conj           ####         1%          1    None

Inventory:

Missiles
 h - 8 poisoned javelins (quivered)
 p - a throwing net
Armour
 a - a +0 robe (worn)
 i - a +0 pair of gloves (worn)
Jewellery
 o - a +3 amulet of reflection
Scrolls
 d - a scroll of remove curse
 e - 2 scrolls of teleportation {unknown}
 f - a scroll of magic mapping {unknown}
 k - a scroll of amnesia {unknown}
 m - a scroll of random uselessness {unknown}
 q - a scroll of identify {unknown}
Potions
 g - a potion of might {unknown}
 j - 3 potions of heal wounds {unknown}
Books
 b - a book of Conjurations
Comestibles
 c - a bread ration
 l - a royal jelly
 n - a meat ration

Dungeon Overview and Level Annotations

Branches:
Dungeon (5/15)
 Temple: D:4-7

Altars:
Ashenzari
Nemelex Xobeh


Message History

All of the chunks of flesh in your inventory have rotted away.
Cast which spell? (? or * to list)
You don't have enough magic to cast that spell.
Cast which spell? (? or * to list)
You don't have enough magic to cast that spell.
The jelly hits you but does no damage.
You see here a scroll labeled SOESKU GOSAO.
q - a scroll labeled SOESKU GOSAO The jelly closely misses you.
The jelly hits you but does no damage. The jelly barely misses you.
Cast which spell? (? or * to list)
Aiming: Magic Dart
Press: ? - help, Shift-Dir - straight line, f/p - jelly
Aim: a jelly (severely wounded)
The magic dart hits the jelly.
The jelly is severely wounded.
The jelly closely misses you.
Cast which spell? (? or * to list)
Aiming: Magic Dart
Press: ? - help, Shift-Dir - straight line, f/p - jelly
Aim: a jelly (severely wounded)
The magic dart hits the jelly.
The jelly is almost dead.
The jelly hits you.
You are splashed with acid!
The acid burns!
A shadow imp comes into view.
The shadow imp shouts, "Give up, thou qualling spur-galled snake-molt!"
Found a scroll labeled SOESKU GOSAO.
The shadow imp gestures at you. Pain shoots through your body!
The jelly jiggles.
The shadow imp gestures at you. Pain shoots through your body!
Ouch! That really hurt!
You die...

..## #.. ... ?..
#.# #5# #.# ## #@#
#.####J## ##
#.......####..
#....#......(. .
####.#.##...#####..
#...............
###.##.#........
#.##.#........
######.##.#<[......


You could see a jelly and a shadow imp.

Action                   |  1- 3 |  4- 6 || total
-------------------------+-------+-------++-------
 Cast: Magic Dart        |    79 |    13 ||    92
  Eat: Chunk             |     1 |       ||     1

Notes
Turn   | Place    | Note
--------------------------------------------------------------
     0 | D:1      | Duffy the Deep Elf Conjurer began the quest for the Orb.
     0 | D:1      | Reached XP level 1. HP: 10/10 MP: 6/6
   226 | D:1      | Reached XP level 2. HP: 15/15 MP: 4/8
   782 | D:2      | Reached skill level 4 in Spellcasting
   837 | D:2      | Found a sparkling altar of Nemelex Xobeh.
   905 | D:2      | Reached XP level 3. HP: 19/19 MP: 8/10
  1017 | D:2      | Reached skill level 5 in Conjurations
  1146 | D:2      | Found a faded altar to an unknown god.
  1177 | D:2      | Became a worshipper of Ashenzari the Shackled
  1177 | D:2      | Reached * piety under Ashenzari
  1312 | D:2      | You fall through a shaft!
  1325 | D:3      | Reached XP level 4. HP: 24/24 MP: 5/12
  1326 | D:3      | Reached skill level 5 in Spellcasting
  1358 | D:5      | Entered Level 5 of the Dungeon
  1384 | D:5      | Killed from afar by a shadow imp

Vault maps used:
D:1:      dpeg_arrival_connections
D:2:      nicolae_ru_path_of_blood, nemelex_deck, ecumenical_altar_1,
          minivault_14
D:3:      lemuel_castle_with_subvaults, grunt_temple_overflow_open,
          gup_sewer_entry_spiral, uniq_terence
D:4:      kennysheep_mini, okawaru_altar_gauntlet_db, first_bread

Vanquished Creatures
  An orc wizard
  4 adders
  A worm
  A giant gecko
  3 orcs
  2 ball pythons
  8 bats
  A giant cockroach
  6 goblins
  7 hobgoblins
  A quokka
  2 giant newts
  2 kobolds
  6 rats
45 creatures vanquished.
